Map: Ley Lines

Players

FuRePrUiT

  • Race: Protoss Protoss
  • Spawn Location: 7:00

A.I. 2 (Very Easy) - Winner!

  • Race: Terran Terran
  • Spawn Location: 1:00

VOD

Have the link to the VOD?

Description

Time

  • Played on: Aug. 5, 2025, 9:57 a.m.
  • Length: 5:23
Show
View Real Time Build Order
Export as new Build Order

FuRePrUiT Protoss 

Build Orders: Blink Stalkers 

Get SALT Encoding   

  12  0:00  Probe  
  13  0:12  Probe  
  14  0:17  Pylon  
  14  0:23  Probe  
  15  0:31  Probe  
  15  0:38  Gateway  
  15  0:40  Probe  
  16  0:47  Assimilator  
  17  0:52  Probe  
  17  0:56  Assimilator  
  18  1:00  Probe  
  19  1:10  Probe  
  19  1:12  Gateway  
  20  1:22  Probe  
  21  1:26  Cybernetics Core  
  21  1:34  Probe  
  21  1:37  Pylon  
  22  1:46  Probe  
  23  1:58  Probe  
  23  2:00  Stalker x2  
  24  2:04  Warp Gate  
  28  2:15  Twilight Council  
  28  2:23  Pylon  
  28  2:29  Stalker  
  28  2:33  Blink  
  30  2:39  Stalker  
  32  2:46  Gateway  
  32  3:04  Stalker  
  34  3:13  Stalker  
  36  3:20  Pylon  
  36  3:53  Stalker  
  36  3:54  Stalker x2  
  42  4:00  Pylon  
  42  4:17  Stalker x2  
  42  4:19  Stalker  
  42  4:21  Pylon  
  48  5:12  Stalker x3  
Show
View Real Time Build Order
Export as new Build Order

A.I. 2 (Very Easy) Terran - Winner!

Build Orders:  

Get SALT Encoding   

  12  0:00  SCV  
  13  0:13  SCV  
  14  0:18  Supply Depot  
  14  0:37  Refinery  
  14  0:42  Barracks  
  14  1:04  Supply Depot  
  14  1:11  Refinery  
  14  1:29  Orbital Command, Barracks Tech Lab  
  14  1:47  Marine  
  15  1:55  SCV  
  16  2:07  SCV  
  17  2:19  SCV  
  18  2:30  Marine  
  18  2:31  SCV  
  20  2:43  SCV  
  21  2:55  SCV  
  22  3:15  Marauder  
Tags
 
Composition
Blink Stalkers
Matchup
PvT
Spawn Locations
Cross Positions
Add a new tag
Caveats
  • Supply blocks, unpowered buildings, or Contaminate may cause inaccurate times.
  • Supply counts are checked every 10 seconds.